Map: Oblivion Express

Players

Chacal

  • Race: Protoss Protoss
  • Spawn Location: 12:00

Ratl

  • Race: Protoss Protoss
  • League: Silver
  • Spawn Location: 0:00

VOD

Have the link to the VOD?

Description

Time

  • Played on: Jan. 12, 2020, 4:58 p.m.
  • Length: 24:17
Show
View Real Time Build Order
Export as new Build Order

Chacal Protoss 

Build Orders:  

Get SALT Encoding   

  12  0:03  Probe (Chrono Boost)  
  13  0:28  Pylon  
  13  0:31  Assimilator  
  13  0:36  Probe (Chrono Boost)  
  14  0:51  Assimilator  
  14  1:37  Pylon  
  14  1:40  Probe (Chrono Boost)  
  15  1:54  Probe (Chrono Boost)  
  15  1:56  Gateway  
  16  2:08  Probe (Chrono Boost)  
  17  2:22  Probe (Chrono Boost)  
  18  2:36  Probe (Chrono Boost)  
  19  2:49  Probe (Chrono Boost)  
  20  3:03  Probe (Chrono Boost)  
  20  3:05  Pylon  
  21  3:17  Probe (Chrono Boost)  
  22  3:23  Sentinel  
  24  3:31  Probe (Chrono Boost)  
  24  3:33  Forge  
  25  3:49  Probe (Chrono Boost)  
  26  4:00  Sentinel  
  26  4:03  Probe (Chrono Boost)  
  29  4:17  Probe (Chrono Boost)  
  30  4:31  Probe (Chrono Boost)  
  30  4:38  Sentinel  
  33  4:45  Probe (Chrono Boost)  
  34  4:59  Probe (Chrono Boost)  
  35  5:02  Pylon  
  35  5:08  Pylon  
  35  5:12  Probe (Chrono Boost)  
  35  5:16  Sentinel  
  35  5:19  Pylon  
  38  5:30  Protoss Ground Weapons Level 1  
  38  5:54  Sentinel  
  40  6:32  Sentinel  
  42  6:53  Probe (Chrono Boost)  
  43  7:07  Probe (Chrono Boost)  
  44  7:10  Sentinel  
  46  7:22  Nexus  
  46  7:48  Sentinel  
  48  8:10  Cybernetics Core, Protoss Ground Armor Level 1  
  48  8:39  Sentinel  
  50  8:55  Photon Cannon  
  50  9:17  Sentinel  
  52  9:42  Probe (Chrono Boost)  
  53  9:55  Sentinel, Assimilator  
  53  9:56  Probe (Chrono Boost)  
  56  10:06  Assimilator  
  56  10:09  Probe (Chrono Boost)  
  56  10:10  Protoss Air Weapons Level 1  
  57  10:33  Sentinel  
  57  10:35  Gateway  
  59  11:03  Probe (Chrono Boost)  
  60  11:11  Sentinel  
  60  11:17  Probe (Chrono Boost)  
  63  11:30  Protoss Shields Level 1  
  63  11:31  Probe (Chrono Boost)  
  64  11:45  Probe (Chrono Boost)  
  64  11:49  Energizer  
  67  11:59  Probe (Chrono Boost)  
  54  12:18  Sentinel  
  56  12:26  Sentinel  
  56  12:50  Protoss Air Armor Level 1  
  56  12:56  Sentinel  
  58  13:03  Sentinel  
  60  13:23  Probe (Chrono Boost)  
  60  13:28  Probe (Chrono Boost)  
  62  13:34  Sentinel  
  62  13:36  Probe (Chrono Boost)  
  65  13:41  Sentinel  
  65  13:42  Probe (Chrono Boost)  
  68  13:50  Probe (Chrono Boost)  
  68  13:55  Probe (Chrono Boost)  
  70  14:04  Probe (Chrono Boost)  
  70  14:09  Probe (Chrono Boost)  
  71  14:12  Sentinel  
  71  14:19  Energizer  
  76  14:23  Probe (Chrono Boost)  
  77  14:37  Probe (Chrono Boost)  
  70  14:50  Sentinel  
  70  14:51  Probe (Chrono Boost)  
  70  14:56  Energizer  
  75  15:28  Sentinel  
  77  15:55  Probe (Chrono Boost)  
  77  15:58  Gateway  
  78  16:07  Sentinel  
  78  16:11  Sentinel  
  70  17:11  Photon Cannon  
  70  17:34  Photon Cannon  
  70  17:47  Sentinel  
  70  18:15  Pylon  
  70  18:18  Pylon  
  70  18:21  Pylon  
  70  18:26  Photon Cannon  
  70  18:28  Photon Cannon  
  70  18:35  Photon Cannon  
  70  18:39  Probe (Chrono Boost)  
  70  18:40  Energizer, Sentinel  
  70  18:49  Protoss Air Weapons Level 2  
  67  18:53  Probe (Chrono Boost)  
  66  19:07  Probe (Chrono Boost)  
  67  19:13  Sentinel  
  67  19:17  Sentinel  
  67  19:18  Sentinel  
  73  19:21  Probe (Chrono Boost)  
  74  19:33  Pylon  
  74  19:35  Probe (Chrono Boost)  
  74  19:36  Pylon  
  74  19:39  Pylon  
  75  19:41  Pylon  
  75  19:49  Probe (Chrono Boost)  
  76  19:51  Energizer  
  76  19:55  Sentinel  
  76  19:56  Energizer  
  82  20:02  Probe (Chrono Boost)  
  81  20:16  Probe (Chrono Boost)  
  82  20:28  Energizer  
  84  20:33  Energizer, Sentinel  
  72  21:04  Energizer  
  74  21:10  Sentinel  
  74  21:11  Energizer  
  74  21:13  Photon Cannon  
  75  21:41  Energizer  
  75  21:47  Energizer x2  
  81  22:18  Energizer  
  83  22:24  Energizer x2  
  87  22:44  Gateway  
  87  22:54  Probe (Chrono Boost)  
  87  22:55  Energizer  
  90  23:01  Energizer x2  
  90  23:07  Probe (Chrono Boost)  
  95  23:21  Probe (Chrono Boost)  
  96  23:35  Probe (Chrono Boost)  
  103  23:49  Probe (Chrono Boost)  
Show
View Real Time Build Order
Export as new Build Order

Ratl Protoss 

Build Orders:  

Get SALT Encoding   

  12  0:02  Probe (Chrono Boost)  
  13  0:16  Probe (Chrono Boost)  
  14  0:30  Pylon  
  14  0:31  Probe (Chrono Boost)  
  15  0:55  Probe (Chrono Boost)  
  15  0:59  Assimilator  
  16  1:08  Probe (Chrono Boost)  
  17  1:20  Gateway  
  17  1:22  Probe (Chrono Boost)  
  18  1:36  Probe (Chrono Boost)  
  19  1:41  Assimilator  
  19  1:50  Probe (Chrono Boost)  
  19  1:57  Gateway  
  20  2:04  Probe (Chrono Boost)  
  21  2:18  Probe (Chrono Boost)  
  22  2:29  Cybernetics Core  
  22  2:32  Probe (Chrono Boost)  
  23  2:54  Pylon  
  23  3:00  Pylon  
  23  3:18  Probe (Chrono Boost)  
  24  3:20  Zealot  
  24  3:21  Zealot  
  28  3:32  Probe (Chrono Boost)  
  29  3:46  Probe (Chrono Boost)  
  30  3:52  Robotics Facility  
  30  4:00  Probe (Chrono Boost)  
  31  4:19  Dragoon  
  33  4:20  Dragoon  
  35  4:55  Pylon  
  35  4:59  Pylon  
  35  5:09  Twilight Council  
  35  5:16  Stargate  
  35  5:17  Stargate  
  35  5:27  Dragoon x2  
  35  6:26  Nexus  
  33  6:33  Dragoon x2  
  37  6:43  Probe (Chrono Boost)  
  38  6:57  Probe (Chrono Boost)  
  39  7:09  Gateway  
  39  7:10  Gateway  
  39  7:11  Probe (Chrono Boost)  
  40  7:27  Dragoon x2  
  44  7:43  Assimilator  
  44  7:47  Assimilator  
  44  7:52  Pylon  
  44  8:16  Dragoon x2  
  44  8:17  Dragoon  
  50  8:35  Probe (Chrono Boost)  
  51  8:41  Probe (Chrono Boost)  
  51  8:49  Probe (Chrono Boost)  
  52  8:52  Dragoon  
  52  8:55  Probe (Chrono Boost)  
  54  9:03  Probe (Chrono Boost)  
  54  9:05  Dragoon  
  54  9:09  Probe (Chrono Boost)  
  58  9:17  Probe (Chrono Boost)  
  59  9:20  Phoenix  
  61  9:35  Probe (Chrono Boost)  
  61  9:37  Dragoon x2  
  66  10:01  Dragoon x2  
  70  10:16  Zealot x2  
  74  10:24  Probe x2 (Chrono Boost)  
  76  10:38  Probe x2 (Chrono Boost)  
  78  10:49  Pylon  
  78  10:51  Pylon  
  78  10:59  Pylon  
  78  11:01  Pylon  
  78  11:04  Probe x2 (Chrono Boost)  
  74  11:16  Zealot x4  
  74  11:18  Probe x2 (Chrono Boost)  
  81  11:45  Probe x2 (Chrono Boost)  
  83  11:59  Probe x2 (Chrono Boost)  
  85  12:02  Dragoon  
  85  12:03  Dragoon x3  
  93  12:12  Probe (Chrono Boost)  
  94  12:42  Dragoon  
  94  12:43  Dragoon x3  
  102  13:16  Immortal  
  106  13:21  Gateway  
  106  13:22  Gateway  
  106  13:24  Gateway  
  106  13:25  Gateway  
  106  13:28  Gateway  
  106  13:37  Pylon  
  102  13:40  Pylon  
  102  13:41  Pylon  
  102  13:45  Dragoon  
  102  13:48  Pylon  
  98  14:11  Immortal  
  96  14:36  Dragoon x3  
  96  14:37  Dragoon x6  
  110  15:14  Dragoon  
  110  15:15  Dragoon x6  
  124  15:36  Forge  
  124  15:50  Forge  
  124  15:54  Dragoon x2  
  124  15:55  Dragoon x3  
  124  16:29  Dragoon x5  
  128  16:30  Dragoon  
  130  16:44  Dragoon x2  
  128  17:08  Dragoon x2  
  128  17:09  Dragoon  
  132  17:32  Protoss Ground Weapons Level 1, Protoss Ground Armor Level 1  
  132  17:43  Dragoon  
  132  18:32  Dragoon x2  
  128  18:44  Singularity Charge  
  126  18:58  Immortal  
  126  19:20  Dragoon x4  
  126  19:24  Robotics Facility  
  134  19:31  Robotics Facility x2  
  134  19:38  Robotics Facility  
  134  19:44  Charge  
  134  19:52  Pylon  
  134  19:54  Pylon  
  134  19:59  Pylon  
  130  20:03  Pylon  
  130  20:06  Pylon  
  130  20:07  Pylon  
  130  20:09  Pylon  
  126  20:14  Pylon  
  126  20:15  Pylon  
  126  20:17  Pylon, Immortal  
  128  20:37  Dragoon  
  128  20:38  Dragoon x3  
  128  20:39  Dragoon  
  136  20:46  Immortal x2  
  144  20:54  Protoss Ground Weapons Level 2  
  142  21:12  Immortal  
  144  21:21  Dragoon x3  
  144  21:22  Dragoon x4  
  152  22:13  Dragoon x3  
  152  22:14  Dragoon x3  
  174  23:22  Zealot x4  
  174  23:25  Zealot  
  174  23:26  Zealot x4  
  178  24:02  Zealot x2  
  178  24:03  Zealot x7  
Tags
 
Add a new tag
Caveats
  • Supply blocks, unpowered buildings, or Contaminate may cause inaccurate times.
  • Supply counts are checked every 10 seconds.